 Dungeon Crawl Stone Soup version 0.28.0-53-g5a82cb258f (webtiles) character file.

Game seed: 7918093191322017111

14 protoss039 the Digger (level 2, 0/21 HPs)
             Began as a Demonspawn Earth Elementalist on June 16, 2022.
             Succumbed to a goblin's poison
             ... on level 1 of the Dungeon.
             The game lasted 00:00:48 (515 turns).

protoss039 the Digger (DsEE)                         Turns: 515, Time: 00:00:49

Health: 0/21       AC:  3    Str:  8    XL:     2   Next: 27%
Magic:  2/5        EV: 12    Int: 16    God:
Gold:   12         SH:  4    Dex: 13    Spells: 4/5 levels left

rFire   . . .      SeeInvis .   d - +0 short sword
rCold   . . .      Faith    .   (no shield)
rNeg    . . .      Spirit   .   b - +1 robe
rPois   .          Reflect  .   (no helmet)
rElec   .          Harm     .   (no cloak)
rCorr   .          Rampage  .   (no gloves)
Will    .....                   (no boots)
Stlth   ++........              (no amulet)
HPRegen 0.07/turn               (no ring)
MPRegen 0.09/turn               (no ring)

@: lethally poisoned (0 -> -2)
A: condensation shield
a: no special abilities


You were on level 1 of the Dungeon.
You visited 1 branch of the dungeon, and saw 1 of its levels.

You collected 12 gold pieces.

Inventory:

Hand Weapons
 d - a +0 short sword (weapon)
Missiles
 c - 90 stones
Armour
 b - a +1 robe (worn)


   Skills:
 * Level 1.0 Fighting
 + Level 0.5 Armour
 - Level 1.7 Dodging
 - Level 1.7 Stealth
 + Level 2.1 Spellcasting
 - Level 1.0 Transmutations
 + Level 2.8 Earth Magic


You had 4 spell levels left.
You knew the following spells:

 Your Spells              Type           Power      Damage    Failure   Level
a - Sandblast             Erth           20%        2d7       6%          1

Your spell library contained the following spells:

 Spells                   Type           Power      Damage    Failure   Level
 Passwall                 Tmut/Erth      5%         N/A       14%         2
 Stone Arrow              Conj/Erth      12%        3d7       34%         3
 Petrify                  Tmut/Erth      7%         N/A       67%         4


Dungeon Overview and Level Annotations

Branches:
Dungeon (1/15)

Altars:

Shops:
D:1 (


Innate Abilities, Weirdness & Mutations

A meltable shield of frost defends you. (SH +4)


Message History

You feel sick.
Casting: Sandblast (safe; 6% risk of failure)
Confirm with . or Enter, or press ? or * to list all spells.
Aiming: Sandblast (safe; 6% risk of failure)
Press: ? - help, Shift-Dir - straight line, f - goblin
Aim: a goblin, wielding a +1 dagger of venom (74% to hit)
The blast of sand hits the goblin!
You kill the goblin!
* * * LOW HITPOINT WARNING * * *
You feel sick.
Casting: Sandblast (safe; 6% risk of failure)
Confirm with . or Enter, or press ? or * to list all spells.
Aiming: Sandblast (safe; 6% risk of failure)
Press: ? - help, Shift-Dir - straight line, f - goblin
Aim: a goblin, wielding a +0 dagger (74% to hit)
The blast of sand hits the goblin!
You kill the goblin!
* * * LOW HITPOINT WARNING * * *
You feel sick.
Your Fighting skill increases to level 1!
Casting: Sandblast (safe; 6% risk of failure)
Confirm with . or Enter, or press ? or * to list all spells.
Aiming: Sandblast (safe; 6% risk of failure)
Press: ? - help, Shift-Dir - straight line, f - endoplasm
Aim: an endoplasm (98% to hit)
The blast of sand hits the endoplasm.
You kill the endoplasm!
* * * LOW HITPOINT WARNING * * *
You feel sick.
Unknown command.
* * * LOW HITPOINT WARNING * * *
You feel sick.
Things that are here:
a +0 dagger; a +1 dagger of venom; a goblin corpse Unknown command.
You aren't carrying any potions.
As you read the scroll labelled OMI SUVOJUSKADI, it crumbles to dust.
It is a scroll of enchant armour.
Your +0 robe glows green for a moment.
You die...

.. .#.#.#
#.# .#.
...... #.#
..
......##>#
#......##.#
.#.......#
#......##
#.#.##..##
... #...#
##.#.#@#.##
#.........#
##.......##
#....(....#
..#...>...##
##.........
##.......##
.........
##.#.#.#.##


There were no monsters in sight!

Vanquished Creatures
  An endoplasm (D:1)
  A giant cockroach (D:1)
  3 goblins (D:1)
  2 hobgoblins (D:1)
  2 quokkas (D:1)
  A bat (D:1)
  A rat (D:1)
11 creatures vanquished.

Notes
Turn   | Place    | Note
-------+----------+-------------------------------------------
     0 | D:1      | protoss039 the Demonspawn Earth Elementalist began the
                  | quest for the Orb.
     0 | D:1      | Reached XP level 1. HP: 13/13 MP: 3/3
    34 | D:1      | Found Mutenwon's Weapon Boutique.
   184 | D:1      | Reached skill level 1 in Transmutations
   429 | D:1      | Gained mutation: A meltable shield of frost defends you.
                  | (SH +4) [demonic ancestry]
   429 | D:1      | Reached XP level 2. HP: 20/20 MP: 5/5
   513 | D:1      | Reached skill level 1 in Fighting
   514 | D:1      | HP: 1/21 [poisoned by a goblin]
   515 | D:1      | Succumbed to a goblin's poison

Illustrated notes

Levels and vault maps discovered:
D:1:      dpeg_arrival_solitude, layout_loops_corners, serial_shops, shop,
          minmay_statues_item, st_stairs_4, chequers_mini_garden, minivault_4

Skill      XL: |  1  2 |
---------------+-------+-----
Transmutations | 1 |  1.0
Fighting       | 1 |  1.0
Armour         | |  0.5
Dodging        | |  1.7
Stealth        | |  1.7
Spellcasting   | |  2.1
Earth Magic    | |  2.8

Action                   || total
-------------------------++-------
Melee: Short sword       ||    13
 Cast: Sandblast         ||     7
  Use: Scroll            ||     1
 Stab: Sleeping          ||     5
Armor: Robe              ||     1
Dodge: Dodged            ||     8
Block: Other             ||     1
